Map: Lerilak Crest

Players

EIO

  • Race: Protoss Protoss
  • League: Platinum

LilDicky - Winner!

  • Race: Terran Terran
  • League: Diamond

VOD

http://www.twitch.tv/tumescentpie

Description

Time

  • Played on: Dec. 2, 2015, 11:03 p.m.
  • Length: 7:09
Show
View Real Time Build Order
Export as new Build Order

EIO Protoss 

Build Orders: Double Forge, Oracle Opening 

Get SALT Encoding   

  12  0:04  Probe (Chrono Boost)  
  13  0:14  Probe (Chrono Boost)  
  13  0:18  Pylon  
  14  0:25  Probe (Chrono Boost)  
  15  0:29  Assimilator  
  15  0:36  Probe (Chrono Boost)  
  16  0:45  Gateway  
  16  0:47  Probe (Chrono Boost)  
  17  0:57  Assimilator  
  17  0:58  Probe (Chrono Boost)  
  18  1:09  Probe (Chrono Boost)  
  19  1:18  Pylon  
  19  1:20  Probe (Chrono Boost)  
  20  1:33  Cybernetics Core  
  20  1:34  Probe (Chrono Boost)  
  21  1:45  Probe (Chrono Boost)  
  22  1:55  Probe (Chrono Boost)  
  22  1:56  Pylon  
  22  1:58  Zealot  
  25  2:16  Stargate  
  25  2:17  Mothership Core (Chrono Boost)  
  25  2:19  Warp Gate  
  27  2:35  Stalker (Chrono Boost)  
  29  2:59  Oracle (Chrono Boost)  
  32  3:12  Gateway  
  32  3:13  Probe  
  32  3:15  Stalker (Chrono Boost), Pylon  
  35  3:32  Nexus  
  35  3:39  Probe  
  39  4:12  Oracle (Chrono Boost)  
  39  4:18  Forge  
  39  4:19  Gateway  
  39  4:27  Forge  
  39  4:31  Gateway  
  39  4:37  Robotics Facility  
  39  4:52  Probe  
  39  4:54  Probe  
  39  4:58  Stalker x2  
  45  5:06  Probe  
  35  5:20  Probe  
  33  5:22  Probe  
  33  5:34  Probe, Zealot  
  36  5:42  Nexus  
  36  5:44  Probe, Observer  
  36  5:49  Probe  
  39  5:55  Probe  
  40  6:01  Probe  
  40  6:04  Sentry x3  
  43  6:05  Probe  
  30  6:33  Zealot x2  
  30  6:34  Stalker x2  
  21  6:57  Stalker x2  
Show
View Real Time Build Order
Export as new Build Order

LilDicky Terran - Winner!

Build Orders: MMM Bio 

Get SALT Encoding   

  12  0:01  SCV  
  13  0:13  SCV  
  14  0:17  Supply Depot  
  14  0:26  SCV  
  15  0:31  Refinery  
  15  0:40  SCV  
  16  0:46  Barracks  
  16  0:52  SCV  
  17  1:21  SCV  
  18  1:33  Marine  
  18  1:35  Supply Depot  
  18  1:36  Orbital Command  
  19  1:51  Factory  
  19  1:52  Marine  
  20  2:02  SCV  
  20  2:04  Barracks  
  21  2:12  Barracks  
  21  2:21  Barracks Reactor  
  21  2:22  SCV  
  22  2:29  Refinery  
  22  2:34  SCV  
  23  2:50  Widow Mine  
  24  3:05  SCV  
  24  3:06  Barracks Tech Lab  
  24  3:07  Barracks Tech Lab  
  24  3:12  Marine x2  
  26  3:13  Supply Depot  
  26  3:17  SCV  
  27  3:25  Combat Shields  
  27  3:26  Stimpack  
  25  3:28  Marauder x2  
  25  3:30  Marine  
  25  3:31  SCV  
  31  3:38  Supply Depot  
  31  3:48  Marine x2  
  31  3:51  Marauder  
  36  3:55  Marauder  
  30  4:09  Marine x2  
  30  4:12  Marine  
  30  4:13  SCV  
  30  4:16  Marine  
  33  4:25  SCV  
  36  4:34  Marine x2  
  36  4:37  SCV  
  39  4:43  Marine x2  
  41  4:52  Marine  
  36  5:22  Marine x2  
  36  5:23  Marauder  
  36  5:26  Marine  
  33  5:40  Marine x2  
  35  5:45  Marauder x2  
  35  5:49  SCV  
  40  5:54  Supply Depot  
  40  5:57  Command Center  
  40  5:58  Marine  
  40  6:03  Barracks  
  41  6:05  Concussive Shells  
  41  6:08  Marine x2  
  36  6:41  Marine x2  
  36  6:42  Marauder x2  
Tags
 
Add a new tag
Caveats
  • Supply blocks, unpowered buildings, or Contaminate may cause inaccurate times.
  • Supply counts are checked every 10 seconds.